 Dungeon Crawl Stone Soup version 0.29.1-15-g9cfb28693d (webtiles) character file.

Game seed: 7592194684637286870

226 roguelike the Trooper (level 6, 0/48 HPs)
             Began as a Djinni Conjurer on Apr 23, 2023.
             Slain by a gnoll sergeant
             ... wielding a +2 spear of venom
              (3 damage)
             ... on level 4 of the Dungeon.
             The game lasted 00:10:51 (3901 turns).

roguelike the Trooper (Djinni Conjurer)             Turns: 3901, Time: 00:10:51

Health: 0/48       AC:  3    Str:  6    XL:     6   Next: 22%
Gold:   184        EV: 12    Int: 22    God:
                   SH:  0    Dex: 11

rFire   + + .      SeeInvis .   b - +0 hand axe
rCold   x . .      Faith    .   (no shield)
rNeg    . . .      Spirit   .   a - +0 robe
rPois   ∞          Reflect  .   (no helmet)
rElec   .          Harm     .   (no cloak)
rCorr   .          Rampage  .   o - +0 pair of gloves
Will    .....                   (boots unavailable)
Stlth   ++........              (no amulet)
HPRegen 0.16/turn               (no ring)
MPRegen 0.00/turn               (no ring)

@: flying
A: sickness immunity, fire resistance 2, cold vulnerability 1, float, innate
caster, HP casting, extra vitality 1
a: no special abilities


You were on level 4 of the Dungeon.
You visited 1 branch of the dungeon, and saw 4 of its levels.

You collected 256 gold pieces.
You spent 72 gold pieces at shops.

Inventory:

Hand Weapons
 b - a +0 hand axe (weapon)
 k - a +2 short sword of electrocution
 l - the +4 short sword of Subterfuge {flame, rF- rCorr SInv Stlth-}
   (You found it on level 2 of the Dungeon)

   It burns those it strikes, dealing additional fire damage.
   rF:        It makes you vulnerable to fire.
   SInv:      It lets you see invisible.
   rCorr:     It protects you from acid and corrosion.
   Stlth:     It makes you less stealthy.
Missiles
 c - 29 stones
 h - 12 boomerangs
 i - 2 poisoned darts
 y - 4 atropa-tipped darts
Armour
 a - a +0 robe (worn)
 o - a +0 pair of gloves (worn)
Wands
 r - a wand of roots (7)
 w - a wand of flame (1)
Scrolls
 d - 2 scrolls of identify {unknown}
 g - 2 scrolls of noise {unknown}
 p - a scroll of enchant armour {unknown}
 q - 3 scrolls of teleportation {unknown}
 s - a scroll of blinking {unknown}
 u - a scroll of amnesia {unknown}
 v - a scroll of butterflies {unknown}
Potions
 e - a potion of flight {unknown}
 f - a potion of resistance {unknown}
 j - a potion of attraction {unknown}
 m - 3 potions of curing
 n - a potion of mutation {unknown}
 t - a potion of degeneration {unknown}
 x - a potion of magic {unknown}


   Skills:
 * Level 4.5 Fighting
 - Level 2.1 Dodging
 - Level 1.5 Stealth
 + Level 4.1 Spellcasting


You couldn't memorise any spells.
You knew the following spells:

 Your Spells              Type           Power      Damage    Failure   Level
a - Magic Dart            Conj           88%        1d7       1%          1
b - Searing Ray           Conj           44%        2d6       3%          2
c - Dazzling Flash        Conj/Hex       44%        N/A       6%          3
d - Fulminant Prism       Conj/Hex       11%        3d9       21%         4
e - Iskenderun's Mystic   Conj/Tloc      22%        2d6       21%         4
f - Summon Small Mammal   Summ           88%        N/A       1%          1
g - Ensorcelled Hibernat  Hex/Ice        44%        N/A       3%          2
Your spell library was empty.

Dungeon Overview and Level Annotations

Branches:
Dungeon (4/15)
 Temple: D:4-7

Altars:

Shops:
D:2 !

Annotations:
D:3 Grinder


Innate Abilities, Weirdness & Mutations

You are immune to sickness and miasma.
You are immune to poison.
Your flesh is very heat resistant. (rF++)
You are vulnerable to cold. (rC-)
You float through the air rather than walking.
You learn spells naturally, not from books.
Your magical power is your life essence.
You have superior vitality. (+4 MHP)


Message History

The gnoll closely misses you.
The searing ray hits the gnoll.
The gnoll is almost dead.
You finish channelling your searing ray.
The gnoll hits you from afar with a +0 spear.
Casting: Searing Ray (safe; 3% risk of failure)
Confirm with . or Enter, or press ? or * to list all spells.
Aiming: Searing Ray (safe; 3% risk of failure)
Press: ? - help, Shift-Dir - straight line, f - gnoll sergeant
Aim: a gnoll sergeant, wielding a +2 spear of venom and wearing a +0 scale mail (84% to hit)
The searing ray hits the gnoll.
You kill the gnoll!
The searing ray hits the gnoll sergeant.
The gnoll sergeant is lightly wounded. (Press . to maintain the ray.)
The searing ray hits the gnoll sergeant but does no damage.
The gnoll sergeant is lightly wounded.
The searing ray hits the gnoll sergeant but does no damage.
The gnoll sergeant is lightly wounded.
The gnoll sergeant hits you from afar with a +2 spear of venom!
The searing ray hits the gnoll sergeant but does no damage.
The gnoll sergeant is lightly wounded.
You finish channelling your searing ray.
The gnoll sergeant hits you from afar with a +2 spear of venom.
* * * LOW HITPOINT WARNING * * *
Casting: Searing Ray (safe; 3% risk of failure)
Confirm with . or Enter, or press ? or * to list all spells.
Aiming: Searing Ray (safe; 3% risk of failure)
Press: ? - help, Shift-Dir - straight line, f - gnoll, p - gnoll sergeant
Aim: a gnoll, wielding a +0 whip (81% to hit)
The searing ray hits the gnoll sergeant.
The gnoll sergeant is moderately wounded.
The searing ray misses the gnoll. (Press . to maintain the ray.)
* * * LOW HITPOINT WARNING * * *
The gnoll sergeant hits you from afar with a +2 spear of venom!
* * * LOW HITPOINT WARNING * * *
There is a stone staircase leading up here.
The gnoll sergeant hits you from afar with a +2 spear of venom.
You die...

#..g)†...#.# #.#
#...#.# #.# #...#.#
#.#.# #...#.# ....#
##.##.# #.#..
#.#####.##†# #.#.#
#..........###.#.#
#..####........#.#
#.......gg.@#.######
#...................
#######...#.#.######
.............#
####.#.#.#..#
#.#.#.#..#
......÷...#..#
#####.#####..# #.
...


You could see a gnoll sergeant and a gnoll.

Vanquished Creatures
  A jelly (D:3)
  A hound (D:4)
  Ijyb (D:3)
  An iguana (D:4)
  Robin (D:2)
  2 gnolls (D:4)
  2 adders
  An ufetubus (D:4)
  2 worms (D:3)
  A dart slug (D:3)
  5 bats
  6 endoplasms
  16 goblins
  7 hobgoblins
  2 jackals (D:3)
  2 kobolds (D:1)
  A quokka (D:2)
  A ball python (D:3)
  3 frilled lizards (D:2)
  2 rats (D:2)
58 creatures vanquished.

Notes
Turn   | Place    | Note
-------+----------+-------------------------------------------
     0 | D:1      | roguelike the Djinni Conjurer began the quest for the Orb.
     0 | D:1      | roguelike set off with the following spells memorised:
                  | Magic Dart, Searing Ray, Dazzling Flash, Fulminant Prism,
                  | Iskenderun's Mystic Blast.
     0 | D:1      | Reached XP level 1. HP: 15/15 MP: 0/0
   546 | D:1      | Reached skill level 1 in Fighting
   599 | D:1      | Reached XP level 2. HP: 21/22 MP: 0/0
   643 | D:1      | Found a faded altar of an unknown god.
  1269 | D:2      | Reached XP level 3. HP: 23/28 MP: 0/0
  1269 | D:2      | Learned a level 1 spell: Summon Small Mammal
  1300 | D:2      | Noticed Robin
  1535 | D:2      | Found Pigub's Distillery.
  1570 | D:2      | Killed Robin
  1654 | D:2      | Identified the +4 short sword of Subterfuge {flame, rF-
                  | rCorr SInv Stlth-}
  1666 | D:2      | Bought 2 potions of curing for 72 gold pieces
  1778 | D:2      | Reached XP level 4. HP: 21/34 MP: 0/0
  2532 | D:3      | Reached XP level 5. HP: 33/40 MP: 0/0
  2532 | D:3      | Learned a level 2 spell: Ensorcelled Hibernation
  3150 | D:3      | Noticed Ijyb
  3166 | D:3      | Killed Ijyb
  3604 | D:3      | Noticed Grinder
  3850 | D:4      | Reached XP level 6. HP: 44/48 MP: 0/0
  3889 | D:4      | HP: 1/48 [gnoll sergeant/+2 spear of venom (12)]
  3901 | D:4      | Slain by a gnoll sergeant

Illustrated notes

Levels and vault maps discovered:
D:1:      scummos_arrival_hexagon, layout_basic, nicolae_ecumenical_lake_church
D:2:      layout_rooms, serial_shops,
          nicolae_shop_temple_entry_statues_fountains, serial_glass,
          glass_columns_a, glass_columns_b, roderic_roman_lattice, uniq_robin
D:3:      layout_loops_ring, uniq_ijyb, uniq_grinder
D:4:      layout_basic, serial_park_tiny_pond

Skill      XL: |  1  2  3  4  5 |
---------------+----------------+-----
Fighting       | 1 2 3 4 |  4.5
Spellcasting   | 4 |  4.1
Dodging        | |  2.1
Stealth        | |  1.5

Action                   |  1- 3 |  4- 6 || total
-------------------------+-------+-------++-------
Melee: Hand axe          |     2 |     2 ||     4
 Cast: Magic Dart        |    57 |    53 ||   110
       Searing Ray       |     2 |    10 ||    12
Armor: Robe              |     3 |     3 ||     6
Dodge: Dodged            |     7 |    15 ||    22
